 Dungeon Crawl Stone Soup version 0.24.0-28-g17ded55e90 (webtiles) character file.

Game seed: 15880131810745365770, levelgen mode: deterministic

79 sking99 the Insei (level 4, -3/36 HPs)
             Began as a Draconian Transmuter on Nov 12, 2019.
             Was an Initiate of Ashenzari.
             Slain by a gnoll
             ... wielding a +0 whip
              (10 damage)
             ... on level 3 of the Dungeon.
             The game lasted 00:02:43 (2005 turns).

sking99 the Insei (Draconian Transmuter)            Turns: 2005, Time: 00:02:43

Health: -3/36      AC:  5    Str: 12    XL:     4   Next: 16%
Magic:  7/7        EV: 12    Int: 14    God:    Ashenzari [......]
Gold:   133        SH:  0    Dex: 12    Spells: 4/7 levels left

rFire    . . .     SeeInvis .     - Unarmed
rCold    . . .     Gourm    .   (no shield)
rNeg     . . .     Faith    .   (armour unavailable)
rPois    .         Spirit   .   (helmet restricted)
rElec    .         Reflect  .   (no cloak)
rCorr    .         Harm     .   (no gloves)
MR       .....                  (no boots)
Stlth    +.........             (no amulet)
HPRegen  0.12/turn              (no ring)
MPRegen  0.10/turn              (no ring)

@: no status effects
A: unfitting armour, cold-blooded, AC +5
a: Curse Item, Renounce Religion


You were on level 3 of the Dungeon.
You worshipped Ashenzari.
Ashenzari was noncommittal.
You were hungry.

You visited 1 branch of the dungeon, and saw 3 of its levels.

You collected 133 gold pieces.

Inventory:

Hand Weapons
 k - a +1 dagger of venom
Missiles
 a - 72 arrows
Scrolls
 b - a scroll of enchant weapon {unknown}
 d - a scroll of magic mapping {unknown}
 e - a scroll of teleportation {unknown}
 i - 2 scrolls of fog {unknown}
 l - 3 scrolls of fear {unknown}
 m - a scroll of enchant armour {unknown}
Potions
 f - a potion of magic {unknown}
 h - a potion of curing {unknown}
 j - 2 potions of mutation {unknown}
 n - a potion of ambrosia {unknown}
Comestibles
 c - 3 rations


   Skills:
 + Level 2.1 Fighting
 + Level 2.3 Dodging
 * Level 3.9 Unarmed Combat
 - Level 2.0 Spellcasting
 + Level 2.6 Transmutations


You had 4 spell levels left.
You knew the following spells:

 Your Spells              Type           Power        Failure   Level  Hunger
a - Beastly Appendage     Tmut           #.....       9%          1    ##.....
b - Sticks to Snakes      Tmut           #.......     12%         2    ###....

Your spell library contained the following spells:

 Spells                   Type           Power        Failure   Level  Hunger
 Spider Form              Tmut/Pois      #.........   38%         3    ####...
 Ice Form                 Ice/Tmut       #.......     80%         4    #####..
 Blade Hands              Tmut           #.........   92%         5    ######.


Dungeon Overview and Level Annotations

Branches:
Dungeon (3/15)

Altars:
Ashenzari
Makhleb
The Shining One


Innate Abilities, Weirdness & Mutations

Your plain brown scales are hard. (AC +5)
You cannot fit into any form of body armour.
You are cold-blooded and may be slowed by cold attacks.


Message History

The gnoll closely misses you.
You hit the gnoll but do no damage.
You tail-slap the gnoll, but do no damage.
The gnoll barely misses you. The gnoll closely misses you.
You barely miss the gnoll.
Your tail-slap misses the gnoll.
The gnoll closely misses you.
You closely miss the gnoll.
You tail-slap the gnoll, but do no damage.
The gnoll hits you with a +0 whip. The gnoll misses you.
You hit the gnoll but do no damage. The gnoll hits you with a +0 whip.
The gnoll completely misses you.
You barely miss the gnoll. The gnoll hits you with a +0 whip.
The gnoll hits you from afar with a +0 halberd!
You hit the gnoll but do no damage. The gnoll hits you with a +0 whip!
* * * LOW HITPOINT WARNING * * *
You hit the gnoll but do no damage. The gnoll hits you but does no damage.
The gnoll hits you from afar with a +0 halberd.
* * * LOW HITPOINT WARNING * * *
The gnoll hits you with a +0 whip!
You die...

#.......#### ..
#....$.....+ ...
#........# ....
#........#######....
######+#............
#.g..........
#....g.......
#.#+#g#.#... #.# #@#
# #.#.g.# #.##### #.


You could see 3 gnolls.

Vanquished Creatures
  4 adders (D:2)
  2 worms (D:2)
  A leopard gecko (D:2)
  A ball python (D:1)
  4 bats
  3 giant cockroaches (D:2)
  2 goblins
  7 hobgoblins
  3 jackals (D:1)
  2 kobolds
  A quokka (D:2)
  2 frilled lizards (D:2)
  3 rats (D:2)
35 creatures vanquished.

Notes
Turn   | Place    | Note
-------+----------+-------------------------------------------
     0 | D:1      | sking99 the Draconian Transmuter began the quest for the
                  | Orb.
     0 | D:1      | Reached XP level 1. HP: 16/16 MP: 3/3
   259 | D:1      | Reached XP level 2. HP: 23/23 MP: 5/5
  1037 | D:2      | Reached XP level 3. HP: 27/29 MP: 6/6
  1041 | D:2      | Learned a level 2 spell: Sticks to Snakes
  1055 | D:2      | Found a burning altar of Makhleb.
  1055 | D:2      | Noticed a green death
  1058 | D:2      | Noticed a smoke demon
  1058 | D:2      | Noticed an orange demon
  1370 | D:2      | Found a shattered altar of Ashenzari.
  1554 | D:2      | Found a glowing golden altar of the Shining One.
  1697 | D:2      | Reached XP level 4. HP: 33/36 MP: 7/7
  1957 | D:2      | Became a worshipper of Ashenzari the Shackled
  2005 | D:3      | Slain by a gnoll

Levels and vault maps discovered:
D:1:      roderic_dead_forest, layout_basic
D:2:      layout_basic, lemuel_doored_altar, ashenzari_conservatory_becter,
          makhleb_altar_promises_db
D:3:      layout_basic, nicolae_overflow_crystal_walls, first_ration

Skill      XL: |  1  2  3 |
---------------+----------+-----
Dodging        | 2 |  2.3
Fighting       | 2 |  2.1
Unarmed Combat | |  3.9
Spellcasting   | |  2.0
Transmutations | |  2.6

Action                   |  1- 3 |  4- 6 || total
-------------------------+-------+-------++-------
Melee: Unarmed           |   134 |    19 ||   153
       Tailslap          |     8 |     2 ||    10
       Headbutt          |     1 |       ||     1
 Cast: Beastly Appendage |     1 |       ||     1
  Eat: Chunk             |     3 |       ||     3
Armor: Skin              |    38 |     4 ||    42
Dodge: Dodged            |    81 |    12 ||    93
